Map: Lost and Found LE

Players

LiquidTLO (TLO) - Winner!

  • Race: Zerg Zerg
  • League: Grandmaster
  • Spawn Location: 1:00

YoGo

  • Race: Zerg Zerg
  • League: Grandmaster
  • Spawn Location: 7:00

Event: HomeStory Cup XVII

VOD

Have the link to the VOD?

Description

Time

  • Played on: June 28, 2018, 7:56 p.m.
  • Length: 14:33

All games in this series

Show
View Real Time Build Order
Export as new Build Order

LiquidTLO Zerg - Winner!

Build Orders: Hatch First, Muta Ling Bane, Zergling Baneling 

Get SALT Encoding   

  12  0:00  Drone  
  13  0:08  Drone  
  14  0:16  Overlord  
  14  0:35  Drone x2  
  16  0:36  Drone  
  17  0:51  Hatchery  
  17  0:54  Drone  
  17  0:58  Drone  
  17  1:04  Extractor  
  17  1:14  Spawning Pool  
  17  1:17  Drone  
  17  1:24  Drone  
  18  1:35  Drone  
  19  1:41  Drone  
  20  1:51  Drone  
  21  2:02  Zergling x2, Queen x2  
  21  2:04  Metabolic Boost  
  26  2:09  Drone  
  26  2:14  Drone  
  28  2:18  Overlord  
  28  2:34  Baneling Nest  
  27  2:37  Hatchery  
  27  2:42  Zergling x2  
  27  2:43  Drone  
  28  2:47  Drone x2  
  30  2:53  Zergling x2  
  31  3:00  Overlord  
  31  3:01  Zergling x2  
  31  3:04  Overlord  
  31  3:09  Zergling x2  
  31  3:10  Zergling x2  
  31  3:12  Zergling x2  
  34  3:15  Drone  
  34  3:17  Drone  
  36  3:21  Drone  
  36  3:22  Drone  
  36  3:25  Drone  
  39  3:28  Drone  
  39  3:29  Drone  
  39  3:32  Drone  
  42  3:34  Baneling x2  
  42  3:35  Baneling  
  42  3:36  Baneling  
  42  3:38  Drone  
  42  3:40  Drone  
  44  3:45  Drone  
  44  3:47  Drone  
  44  3:48  Zergling x2  
  47  3:57  Drone  
  47  3:58  Drone  
  47  4:00  Drone  
  47  4:01  Zergling x2  
  47  4:02  Queen  
  49  4:05  Zergling x4  
  49  4:06  Extractor, Zergling x4  
  49  4:07  Baneling  
  52  4:13  Zergling x2  
  52  4:16  Drone  
  54  4:19  Drone  
  54  4:21  Overlord, Evolution Chamber  
  53  4:24  Drone  
  53  4:27  Baneling x2  
  53  4:29  Drone  
  55  4:34  Zergling x6  
  55  4:35  Overlord  
  55  4:36  Overlord  
  58  4:41  Drone  
  58  4:42  Zergling x6  
  58  4:43  Baneling x2  
  58  4:44  Baneling  
  58  4:45  Zergling x2  
  63  4:51  Zergling x2  
  63  4:52  Lair, Zergling x2  
  64  4:54  Baneling, Zergling x2  
  64  5:03  Zergling x2  
  64  5:04  Zergling x6  
  64  5:06  Zergling x2  
  67  5:07  Zergling x2  
  67  5:09  Baneling  
  67  5:12  Extractor, Drone  
  68  5:14  Drone  
  68  5:15  Drone  
  68  5:16  Drone  
  68  5:20  Drone  
  68  5:21  Drone  
  68  5:27  Zergling x2  
  68  5:28  Zergling x2  
  66  5:31  Zergling x4  
  66  5:32  Drone  
  66  5:33  Drone  
  66  5:35  Zergling x2  
  67  5:39  Extractor  
  67  5:40  Zergling x2  
  67  5:41  Zergling x2  
  67  5:44  Zergling x4  
  67  5:46  Zergling x2, Roach Warren  
  67  5:47  Zergling x2  
  66  5:51  Drone  
  66  5:52  Drone  
  66  5:53  Spire  
  68  5:57  Drone  
  68  6:01  Drone  
  68  6:03  Extractor, Drone  
  69  6:04  Extractor  
  69  6:07  Drone  
  69  6:09  Drone  
  70  6:11  Drone x2  
  70  6:12  Drone x2  
  70  6:16  Overlord  
  68  6:41  Spine Crawler  
  68  6:42  Spine Crawler  
  68  6:43  Spine Crawler x2  
  64  6:48  Drone  
  64  6:51  Overlord  
  65  7:04  Mutalisk x10  
  65  7:07  Zergling x10  
  90  7:09  Queen  
  90  7:10  Zergling x2  
  90  7:11  Zergling x2  
  90  7:15  Zergling x4  
  96  7:18  Zergling x2  
  96  7:19  Zerg Flyer Weapons Level 1  
  96  7:22  Zerg Melee Weapons Level 1  
  98  7:23  Overlord  
  97  7:38  Centrifical Hooks  
  97  7:42  Drone x2  
  100  7:44  Drone x2  
  100  7:48  Hatchery, Drone x2  
  100  7:51  Mutalisk  
  97  8:03  Mutalisk x2  
  97  8:04  Mutalisk  
  95  8:07  Mutalisk x2  
  95  8:08  Mutalisk  
  90  8:13  Zergling x4  
  90  8:15  Mutalisk  
  94  8:20  Zergling x4  
  94  8:26  Drone  
  97  8:28  Queen  
  97  8:34  Drone x2  
  101  8:38  Drone  
  102  8:43  Mutalisk x2  
  106  8:50  Overlord  
  106  8:51  Overlord x3  
  106  8:54  Overlord  
  106  8:56  Overlord  
  106  9:01  Overlord  
  106  9:02  Queen  
  106  9:03  Drone  
  106  9:05  Drone  
  106  9:06  Overseer  
  106  9:09  Mutalisk  
  110  9:10  Mutalisk x4  
  110  9:13  Mutalisk  
  110  9:14  Baneling x3  
  110  9:15  Baneling  
  122  9:20  Mutalisk  
  124  9:25  Mutalisk  
  123  9:32  Mutalisk  
  123  9:35  Mutalisk  
  122  9:41  Zergling x20  
  122  9:42  Zergling x2  
  122  9:44  Zergling x2  
  122  9:45  Zergling x6  
  134  9:46  Mutalisk, Zergling x2  
  134  9:51  Zergling x2  
  139  9:54  Zergling x2  
  139  9:55  Overseer x2  
  139  9:56  Zergling x2  
  139  9:57  Spore Crawler, Zergling x2  
  141  10:00  Queen  
  141  10:06  Mutalisk x3  
  129  10:11  Mutalisk, Zergling x4  
  122  10:16  Queen  
  122  10:17  Zergling x4  
  122  10:19  Zergling x2  
  126  10:23  Mutalisk  
  126  10:24  Mutalisk  
  126  10:28  Zergling x2  
  125  10:29  Drone  
  125  10:31  Drone  
  125  10:32  Drone x2  
  125  10:34  Drone  
  125  10:35  Drone  
  127  10:37  Drone  
  127  10:39  Drone  
  127  10:40  Drone  
  127  10:41  Drone  
  127  10:42  Drone  
  129  10:44  Unknown, Drone  
  129  10:49  Zerg Flyer Weapons Level 2  
  129  10:56  Infestation Pit, Drone  
  129  10:58  Baneling x3  
  129  10:59  Mutalisk  
  129  11:04  Mutalisk  
  129  11:06  Baneling, Zergling x2  
  129  11:09  Drone  
  131  11:12  Drone x2  
  131  11:13  Drone  
  131  11:15  Extractor  
  131  11:16  Zergling x8  
  136  11:22  Queen x2  
  139  11:30  Overlord  
  139  11:31  Mutalisk  
  139  11:32  Mutalisk  
  143  11:33  Zergling x2  
  143  11:38  Baneling  
  143  11:39  Baneling  
  144  11:40  Baneling x2  
  144  11:45  Overlord  
  144  11:46  Overseer  
  144  11:49  Zergling x4  
  144  11:50  Zergling x2  
  144  11:51  Zergling x2  
  144  11:52  Zergling x2  
  148  12:00  Zergling x2  
  141  12:01  Mutalisk  
  141  12:04  Hive  
  141  12:08  Unknown, Drone  
  144  12:11  Spore Crawler, Extractor  
  144  12:13  Spine Crawler  
  144  12:14  Unknown, Spine Crawler  
  144  12:15  Spine Crawler x2, Zergling x16  
  148  12:16  Baneling  
  148  12:18  Spine Crawler  
  148  12:22  Mutalisk x2  
  145  12:24  Zergling x4  
  145  12:26  Baneling x5  
  145  12:29  Zergling x2  
  150  12:32  Mutalisk  
  150  12:33  Mutalisk  
  150  12:35  Mutalisk  
  155  12:39  Mutalisk  
  155  12:43  Zergling x2  
  158  12:45  Overseer x2, Zergling x4  
  158  12:46  Baneling x2  
  160  12:56  Zergling x2  
  159  12:59  Zergling x2  
  159  13:06  Baneling x14  
  159  13:08  Zergling x2  
  159  13:09  Overlord  
  159  13:18  Overlord, Zergling x2  
  159  13:25  Zergling x2  
  149  13:29  Zergling x2  
  149  13:30  Zergling x4  
  149  13:31  Zergling x24  
  149  13:32  Zergling x2  
  149  13:33  Zergling x4  
  155  13:37  Drone  
  155  13:38  Drone  
  155  13:39  Zergling x6  
  160  13:42  Baneling  
  160  13:43  Mutalisk  
  160  13:44  Baneling  
  162  13:49  Mutalisk x2  
  162  13:51  Mutalisk  
  162  13:54  Mutalisk  
  170  13:56  Mutalisk  
  170  13:58  Mutalisk  
  170  13:59  Mutalisk x2  
  170  14:00  Zergling x4  
  163  14:08  Mutalisk x2  
  164  14:27  Unknown x3  
Show
View Real Time Build Order
Export as new Build Order

YoGo Zerg 

Build Orders: Hatch First, Lurkers, Roach Hydra 

Get SALT Encoding   

  12  0:00  Drone  
  13  0:12  Overlord  
  13  0:18  Drone  
  14  0:31  Drone x2  
  16  0:48  Hatchery  
  15  0:52  Drone  
  15  0:55  Drone  
  17  0:58  Drone  
  18  1:05  Extractor  
  17  1:14  Spawning Pool  
  17  1:17  Drone  
  17  1:20  Drone  
  18  1:28  Drone  
  19  1:40  Drone  
  20  1:52  Drone  
  21  2:00  Queen x2  
  25  2:01  Drone x2  
  25  2:05  Metabolic Boost  
  27  2:21  Hatchery  
  26  2:25  Overlord  
  26  2:31  Zergling x2  
  26  2:32  Zergling x2  
  28  2:43  Queen  
  30  2:44  Drone x2  
  30  2:45  Drone  
  30  2:49  Drone  
  34  2:52  Overlord  
  34  2:59  Baneling Nest  
  34  3:04  Drone x2  
  35  3:07  Drone  
  36  3:13  Overlord  
  36  3:14  Drone  
  36  3:15  Drone  
  36  3:17  Drone  
  36  3:19  Drone  
  40  3:24  Zergling x4  
  42  3:28  Zergling x4  
  44  3:35  Zergling x4  
  44  3:38  Queen  
  47  3:43  Baneling x2, Zergling x2  
  47  3:44  Zergling x2  
  47  3:48  Overlord  
  49  3:49  Drone  
  50  4:01  Drone x5  
  50  4:02  Drone  
  53  4:07  Extractor  
  53  4:08  Drone x2  
  54  4:11  Evolution Chamber  
  54  4:13  Drone x3  
  56  4:20  Lair  
  56  4:21  Drone  
  56  4:22  Extractor  
  56  4:25  Drone x2  
  56  4:26  Drone  
  59  4:34  Roach Warren  
  59  4:38  Overlord  
  57  4:39  Overlord  
  57  4:46  Overlord  
  57  4:50  Zergling x8  
  57  4:51  Drone  
  60  4:54  Zerg Missile Weapons Level 1  
  60  4:59  Drone x3  
  61  5:09  Overlord  
  60  5:19  Roach x7  
  72  5:23  Roach  
  72  5:28  Roach x2  
  74  5:31  Roach x2  
  74  5:33  Glial Reconstitution  
  75  5:40  Roach  
  75  5:43  Roach x2  
  75  5:48  Queen  
  77  5:56  Roach  
  79  5:57  Queen  
  79  5:58  Hydralisk Den  
  79  6:01  Roach  
  79  6:02  Roach  
  84  6:05  Roach  
  84  6:08  Queen  
  84  6:11  Roach x2  
  88  6:12  Overlord  
  88  6:24  Ravager  
  88  6:25  Ravager  
  90  6:32  Hydralisk x3  
  86  6:33  Hydralisk  
  90  6:40  Hydralisk, Queen x2  
  90  6:44  Extractor  
  90  6:45  Overlord x2  
  95  6:49  Drone x2  
  95  6:51  Drone  
  98  6:56  Overlord  
  98  6:57  Hydralisk  
  100  7:05  Drone x4  
  100  7:06  Drone x2  
  100  7:07  Drone  
  107  7:09  Drone  
  107  7:12  Muscular Augments  
  107  7:14  Drone  
  109  7:16  Drone  
  109  7:17  Drone  
  109  7:22  Drone  
  112  7:23  Lurker Den  
  112  7:24  Drone  
  112  7:26  Drone  
  112  7:27  Drone  
  114  7:30  Spore Crawler  
  114  7:33  Spore Crawler  
  110  7:37  Spore Crawler  
  110  7:40  Spore Crawler  
  110  7:42  Spore Crawler  
  110  7:43  Zerg Missile Weapons Level 2  
  107  7:44  Drone  
  107  7:45  Drone  
  107  7:46  Drone  
  107  7:48  Drone  
  111  7:58  Hydralisk x4  
  103  8:01  Drone x2  
  105  8:10  Drone x7  
  111  8:17  Hydralisk  
  111  8:18  Spore Crawler, Extractor x2  
  110  8:21  Hydralisk x2  
  110  8:24  Overlord  
  114  8:29  Overlord x2  
  114  8:32  Overlord  
  114  8:38  Overlord  
  114  8:39  Overlord  
  113  8:42  Grooved Spines  
  113  8:46  Overlord x3  
  113  8:51  Hydralisk  
  113  8:54  Lurker  
  116  8:57  Hydralisk, Lurker x3  
  116  8:58  Hydralisk  
  116  9:02  Hydralisk  
  123  9:06  Hydralisk  
  123  9:09  Hydralisk  
  129  9:12  Hydralisk  
  129  9:16  Hydralisk  
  133  9:19  Hydralisk  
  133  9:23  Hydralisk  
  137  9:30  Overlord x2  
  136  9:38  Hydralisk x3  
  128  9:39  Drone x7  
  128  9:42  Overseer  
  128  9:45  Hydralisk  
  136  9:51  Hydralisk x2  
  140  9:56  Hydralisk  
  142  10:04  Hydralisk x2  
  138  10:07  Hydralisk  
  138  10:14  Hydralisk  
  124  10:18  Hydralisk  
  122  10:23  Hydralisk  
  122  10:26  Hydralisk  
  113  10:33  Hydralisk  
  113  10:35  Queen x3  
  101  10:52  Nydus Network  
  101  10:56  Hydralisk  
  99  11:04  Spore Crawler  
  99  11:09  Roach x3  
  99  11:10  Queen, Roach x2  
  99  11:11  Queen x2  
  112  11:12  Overseer  
  112  11:16  Hydralisk  
  112  11:17  Hydralisk x2  
  118  11:32  Hatchery  
  117  11:33  Nydus Canal  
  117  11:36  Hydralisk x4  
  125  12:00  Hydralisk x6, Zerg Ground Armor Level 1  
  114  12:07  Hydralisk x2  
  112  12:11  Lurker  
  113  12:17  Lurker  
  113  12:21  Spine Crawler  
  113  12:28  Nydus Canal  
  113  12:32  Hydralisk x3  
  113  12:34  Hydralisk  
  115  12:37  Hydralisk  
  115  12:41  Hydralisk  
  115  12:43  Hydralisk  
  119  12:46  Hydralisk  
  119  12:49  Hydralisk  
  123  12:53  Hydralisk  
  125  12:59  Hydralisk  
  125  13:04  Hydralisk  
  127  13:06  Hydralisk  
  127  13:09  Lurker  
  128  13:16  Hydralisk  
  128  13:17  Hydralisk  
  128  13:19  Hydralisk  
  126  13:30  Hydralisk  
  126  13:31  Hydralisk x2  
  88  13:36  Hydralisk  
  88  13:37  Hydralisk  
  92  13:42  Infestation Pit  
  92  13:46  Hydralisk  
  93  13:57  Hydralisk x2  
  93  13:58  Hydralisk  
  93  14:00  Hydralisk  
Tags
 
Add a new tag
Caveats
  • Supply blocks, unpowered buildings, or Contaminate may cause inaccurate times.
  • Supply counts are checked every 10 seconds.